 Dungeon Crawl Stone Soup version 0.32-a0-921-g04a7ad8e02 (webtiles) character file.

Game seed: 6382122186932529140

37 hsi the Grasshopper (level 3, 18/18 HPs)
             Began as a Felid Warper on Apr 12, 2024.
             Quit the game on level 2 of the Dungeon.
             The game lasted 00:04:55 (1134 turns).

hsi the Grasshopper (Felid Warper)                  Turns: 1134, Time: 00:04:55

Health: 18/18      AC:  1    Str:  7    XL:     3   Next: 21%
Magic:  7/7        EV: 16    Int: 18    God:
Gold:   118        SH:  0    Dex: 15    Spells: 2/7 levels left
                                        Lives:  0   Deaths: 1

rFire   . .          .
                       - Unarmed
rCold   . . .        (shield unavailable)
rNeg    . . .        (body armour unavailable)
rPois   .            (helmet unavailable)
rElec   .            (cloak unavailable)
rCorr   .            (gloves unavailable)
SInv    +            (boots unavailable)
Will    .....        d - amulet of regeneration
Stlth   +            (no ring)
HPRegen 1.03/turn    (no ring)
MPRegen 0.10/turn

%: no passive effects
@: no status effects
A: very small, claws 1, fangs 3, see invisible, shaggy fur 1, stealthy paws, no
weapons or thrown items, no armour, multi-lived
a: no special abilities


You were on level 2 of the Dungeon.
You visited 1 branch of the dungeon, and saw 2 of its levels.

You collected 118 gold pieces.

Inventory:

Jewellery
 d - an amulet of regeneration (around neck)
Scrolls
 a - a scroll of blinking
 e - a scroll of brand weapon {unknown}
 g - a scroll of fear {unknown}
Potions
 b - 2 potions of haste {unknown}
 c - a potion of enlightenment {unknown}
 f - a potion of curing {unknown}
 h - a potion of ambrosia {unknown}
 i - a potion of lignification {unknown}


   Skills:
 - Level 2.0 Fighting
 - Level 3.2 Dodging
 - Level 2.0 Unarmed Combat
 + Level 2.5 Spellcasting
 * Level 5.8 Translocations


You had 2 spell levels left.
You knew the following spells:

 Your Spells              Type           Power      Damage    Failure   Level
a - Blink                 Tloc           46%        N/A       2%          2
b - Maxwell's Portable P  Tloc           23%        2d(7-20)  4%          3

Your spell library contained the following spells:

 Spells                   Type           Power      Damage    Failure   Level
 Lesser Beckoning         Tloc           46%        N/A       2%          2
 Kiss of Death            Conj/Necr      8%         2d6       17%         1
 Teleport Other           Tloc           23%        N/A       4%          3
 Confusing Touch          Hex            2%         N/A       45%         3
 Vhi's Electric Charge    Tloc/Air       24%        N/A       45%         4
 Dispel Undead            Necr           2%         3d7       86%         4


Dungeon Overview and Level Annotations

Branches:
Dungeon (2/15)

Altars:


Innate Abilities, Weirdness & Mutations

You have sharp claws.
You have razor-sharp teeth.
You have supernaturally acute eyesight. (SInv)
You are covered in fur. (AC +1)
Your paws help you pounce on unaware monsters.
You are incapable of wielding weapons or throwing items.
You cannot wear armour.
You gain extra lives every three experience levels.


Message History

The ribbon worm expels a string of sticky webbing.
The stream of webbing hits you but does no damage.
You are caught in a web!
The web tears apart.
The goblin misses you. The adder barely misses you.
The ribbon worm closely misses you.
You scratch the adder.
The adder is severely wounded.
The adder bites you. The goblin barely misses you.
You scratch the adder but do no damage. You bite the adder, but do no damage.
The adder is severely wounded.
The adder barely misses you. The ribbon worm bites you.
The goblin barely misses you. The adder bites you but does no damage.
You scratch the adder.
The adder is almost dead.
The goblin hits you with a +0 club. The ribbon worm barely misses you.
The adder closely misses you.
You closely miss the adder.
The adder is almost dead.
The goblin closely misses you. The adder closely misses you.
The ribbon worm closely misses you.
You closely miss the adder.
The adder is almost dead.
The adder misses you. The goblin hits you with a +0 club.
The ribbon worm bites you.
* * * LOW HITPOINT WARNING * * *
You closely miss the adder.
The adder is almost dead.
The adder barely misses you. The goblin barely misses you.
The endoplasm misses you. The adder closely misses you.
You miss the adder.
The adder is almost dead.
The ribbon worm expels a string of sticky webbing.
The stream of webbing misses you. The goblin closely misses you.
The endoplasm barely misses you. The adder bites you.
You die...
You rejoin the land of the living...
Found a scroll labelled WOATEO SINUFO.
Unknown command.
Unknown command.
Are you sure you want to abandon this character and quit the game? (Confirm with "yes".)

Sw)##.#
K..##.#
...# ...#
.....
..#### #
..# #..
...
#....####
...
.......@#
........#
....?...#
........#
#########


There were no monsters in sight!

Vanquished Creatures
  2 dart slugs (D:1)
  4 ball pythons (D:1)
  2 endoplasms
  3 goblins (D:1)
  3 hobgoblins
  3 jackals (D:1)
  2 kobolds
  5 bats
  6 rats
30 creatures vanquished.

Notes
Turn   | Place    | Note
-------+----------+-------------------------------------------
     0 | D:1      | hsi the Felid Warper began the quest for the Orb.
     0 | D:1      | Reached XP level 1. HP: 11/11 MP: 4/4
   217 | D:1      | Reached skill level 5 in Translocations
   234 | D:1      | Reached XP level 2. HP: 15/15 MP: 6/6
   237 | D:1      | Learned a level 2 spell: Blink
   471 | D:1      | Found a faded altar of an unknown god.
   645 | D:1      | Reached XP level 3. HP: 18/18 MP: 7/7
   762 | D:1      | Learned a level 3 spell: Maxwell's Portable Piledriver
  1133 | D:2      | Slain by an adder
  1133 | D:2      | Lost a life (0 lives remaining)
  1134 | D:2      | Quit the game

Illustrated notes

Levels and vault maps discovered:
D:1:      dpeg_arrival_subterranean_lakeside_camping, layout_loops_ring,
          basic_ecumenical_altar, minmay_tromino_i2
D:2:      layout_basic, st_stairs_1, uniq_jessica, uniq_terence, uniq_sigmund

Skill      XL: |  1 |
---------------+----+-----
Translocations | 5 |  5.8
Fighting       | |  2.0
Dodging        | |  3.2
Unarmed Combat | |  2.0
Spellcasting   | |  2.5

Action                     || total
---------------------------++-------
  Melee: Unarmed           ||    84
         Punch             ||     6
         Bite              ||     7
   Cast: Maxwell's Portabl ||     4
   Stab: Sleeping          ||     1
 Armour: Skin              ||    26
  Dodge: Dodged            ||   100

Table legend: (Time is in decaauts)
 A = Elapsed time spent in this place.
 B = Non-inter-level travel time spent in this place.
 C = Inter-level travel time spent in this place.
 D = Time resting spent in this place.
 E = Time spent auto-exploring this place.
 F = Levels seen in this place.
 G = Mean time per level.
                   A        B        C        D        E       F      G
               +--------+--------+--------+--------+--------+-----+--------+
         Total |   1135 |   1125 |     10 |      0 |    898 |   2 |  567.5 |
       Dungeon |   1135 |   1125 |     10 |      0 |    898 |   2 |  567.5 |
               +--------+--------+--------+--------+--------+-----+--------+

Top non-repeatable levels by time:
     D:1: 813 daAuts
     D:2: 321 daAuts
